 Dungeon Crawl Stone Soup version 0.29-a0-577-gafbf2c5d25 (webtiles) character file.

Game seed: 5958747939472135866

182 ICEMaiden the Conjurer (level 5, -7/29 (30) HPs)
             Began as a Deep Elf Conjurer on June 13, 2022.
             Was a Follower of Sif Muna.
             Mangled by a wight
             ... wielding a +2 great sword of freezing
              (16 damage)
             ... on level 6 of the Dungeon.
             The game lasted 00:08:38 (3775 turns).

ICEMaiden the Conjurer (Deep Elf Conjurer)          Turns: 3775, Time: 00:08:40

HP:   -7/29 (30)    AC:  2    Str:  6    XL:     5   Next: 34%
MP:   7/12          EV: 14    Int: 23    God:    Sif Muna [*.....]
Gold: 206           SH:  0    Dex: 19    Spells: 5/11 levels left

rFire   . . .      SeeInvis .   (no weapon)
rCold   . . .      Faith    +   (no shield)
rNeg    . . .      Spirit   .   a - +0 robe
rPois   .          Reflect  .   (no helmet)
rElec   .          Harm     .   (no cloak)
rCorr   .          Rampage  .   (no gloves)
Will    .....                   (no boots)
Stlth   ++........              j - amulet of faith
HPRegen 0.09/turn               l - +6 ring of dexterity
MPRegen 0.13/turn               (no ring)

@: lightly drained
A: no striking features
a: Renounce Religion, Channel Magic


You were on level 6 of the Dungeon.
You worshipped Sif Muna.
Sif Muna was aware of your devotion.
You visited 1 branch of the dungeon, and saw 6 of its levels.

You collected 206 gold pieces.

Inventory:

Armour
 a - a +0 robe (worn)
Jewellery
 j - an amulet of faith (around neck)
 l - a +6 ring of dexterity (left hand)
Scrolls
 d - 3 scrolls of identify {unknown}
 h - a scroll of amnesia {unknown}
 i - 3 scrolls of vulnerability {unknown}
 o - a scroll of fear {unknown}
 p - 2 scrolls of immolation {unknown}
 r - a scroll of teleportation {unknown}
 s - 2 scrolls of fog {unknown}
 t - a scroll of acquirement {unknown}
 u - a scroll of blinking {unknown}
Potions
 b - a potion of magic
 c - 3 potions of attraction {unknown}
 e - 6 potions of curing {unknown}
 f - 2 potions of brilliance {unknown}
 g - 2 potions of haste {unknown}
 k - a potion of heal wounds {unknown}
 m - a potion of flight {unknown}
 n - 2 potions of degeneration {unknown}
 q - a potion of lignification {unknown}
 v - a potion of might {unknown}


   Skills:
 * Level 1.8 Fighting
 * Level 4.0 Dodging
 - Level 2.6 Stealth
 + Level 3.8 Spellcasting
 + Level 4.8 Conjurations
 + Level 0.8 Summonings
 + Level 1.8 Ice Magic
 + Level 0.8 Invocations


You had 5 spell levels left.
You knew the following spells:

 Your Spells              Type           Power      Damage    Failure   Level
a - Magic Dart            Conj           100%       1d8       1%          1
s - Searing Ray           Conj           52%        2d6       2%          2
x - Frozen Ramparts       Ice            26%        1d4       14%         3

Your spell library contained the following spells:

 Spells                   Type           Power      Damage    Failure   Level
 Freeze                   Ice            52%        1d7       4%          1
 Summon Small Mammal      Summ           32%        N/A       8%          1
 Dazzling Flash           Conj/Hex       30%        N/A       12%         3
 Call Canine Familiar     Summ           8%         N/A       22%         3
 Summon Guardian Golem    Hex/Summ       6%         N/A       26%         3
 Hailstorm                Conj/Ice       19%        3d6       26%         4
 Tukima's Dance           Hex            4%         N/A       32%         3
 Vampiric Draining        Necr           4%         2d6       32%         3
 Fulminant Prism          Conj/Hex       7%         3d7       36%         4
 Iskenderun's Mystic Bla  Conj/Tloc      15%        2d5       36%         4
 Leda's Liquefaction      Hex/Erth       2%         N/A       71%         4
 Silence                  Hex/Air        2%         N/A       96%         5


Dungeon Overview and Level Annotations

Branches:
Dungeon (6/15)
 Temple: D:4-7

Altars:
Dithmenos
Gozag
Hepliaklqana
Kikubaaqudgha
Sif Muna

Annotations:
D:2 exclusion: ogre
D:3 exclusion: scorpion
D:5 exclusion: black bear


Message History

A white imp comes into view.
The white imp moves out of view.
Found a red potion.
There is an open door here.
You see here a red potion.
e - 6 red potions (gained 1)
You open the door.
There is an open door here.
You open the door. 5 wights come into view.
A wight is wielding a +2 great sword of freezing.
You close the door.
A wight opens the door.
There is an open door here.
There is an open door here.
There is an open door here.
There is an open door here.
There is an open door here.
Casting: Magic Dart (safe; 1% risk of failure)
Confirm with . or Enter, or press ? or * to list all spells.
Aiming: Searing Ray (safe; 2% risk of failure)
Press: ? - help, Shift-Dir - straight line, f - wight
Aim: a wight, wielding a +2 great sword of freezing and wearing a +0 robe (79% to hit)
The searing ray hits the wight!
The wight is heavily damaged. (Press . to maintain the ray.)
The searing ray hits the wight but does no damage.
The wight is heavily damaged.
The wight hits you with a +2 great sword of freezing!
You feel drained. The wight freezes you.
The searing ray hits the wight but does no damage.
The wight is heavily damaged.
The wight barely misses you.
The searing ray hits the wight.
The wight is heavily damaged.
The searing ray hits the wight.
The wight is moderately damaged.
You finish channelling your searing ray.
The wight hits you with a +2 great sword of freezing!
Ouch! That really hurt!
You die...

#..#...#....#
#..#...#....# ####
#..#...#...########....
#..#...#...##.....#....
#..#...'..........#....
#..#..z#..........#....
#..##..##..#####'##....
#..###z##+###.....#....
#.....@## #.....'....
#.......# #......#....
#.......# ##.....#....
#......## ##+######'#
#......## #.....'z...
#.......# z...z.#....
#..##..## z..z. #....
#..##..# ###+ ##...
#...#..# #...


You could see 2 wights.

Vanquished Creatures
  2 iguanas
  7 adders
  2 orcs (D:4)
  5 endoplasms
  3 giant cockroaches
  12 goblins
  4 hobgoblins
  3 quokkas
  6 ball pythons
  7 bats
  4 frilled lizards
  8 kobolds
  3 rats
66 creatures vanquished.

Vanquished Creatures (others)
  A plant (D:1)
1 creature vanquished.

Grand Total: 67 creatures vanquished

Notes
Turn   | Place    | Note
-------+----------+-------------------------------------------
     0 | D:1      | ICEMaiden the Deep Elf Conjurer began the quest for the
                  | Orb.
     0 | D:1      | Reached XP level 1. HP: 10/10 MP: 6/6
   330 | D:1      | Found a faded altar of an unknown god.
   347 | D:1      | Reached XP level 2. HP: 15/15 MP: 6/8
   752 | D:1      | Learned a level 2 spell: Searing Ray
   873 | D:2      | Noticed an ogre
  1115 | D:2      | Reached XP level 3. HP: 20/20 MP: 7/9
  1119 | D:2      | Learned a level 3 spell: Frozen Ramparts
  1165 | D:2      | Found an ancient bone altar of Kikubaaqudgha.
  1180 | D:2      | Reached skill level 1 in Fighting
  1435 | D:2      | Reached skill level 1 in Ice Magic
  1570 | D:2      | Reached XP level 4. HP: 18/25 MP: 1/11
  1957 | D:2      | Got the Handbook of Ensnaring Unholy Rituals
  2021 | D:3      | Found a shimmering blue altar of Sif Muna.
  2027 | D:3      | Became a worshipper of Sif Muna the Loreminder
  2336 | D:3      | Noticed a scorpion
  2351 | D:3      | Found a hazy altar of Hepliaklqana.
  2353 | D:3      | Found a shadowy altar of Dithmenos.
  2354 | D:3      | Noticed a shadow
  2419 | D:3      | Found an opulent altar of Gozag.
  2939 | D:4      | Noticed a black bear
  2963 | D:4      | Reached XP level 5. HP: 30/30 MP: 3/12
  3078 | D:4      | Reached * piety under Sif Muna
  3129 | D:5      | Entered Level 5 of the Dungeon
  3563 | D:5      | Noticed a black bear
  3667 | D:5      | Noticed a yak
  3667 | D:5      | Noticed a yak
  3668 | D:5      | Noticed a yak
  3674 | D:5      | Noticed a yak
  3775 | D:6      | Mangled by a wight

Illustrated notes

Levels and vault maps discovered:
D:1:      grunt_arrival_lava_bath, layout_rooms,
          shapermc_ecumenical_altar_pompeii, serial_bayou,
          serial_bayou_lagoon_a, serial_bayou_pond_d, serial_bayou_pond_c,
          serial_bayou_lagoon_b
D:2:      layout_loops_ring, basic_altar, skrybe_limestone_x,
          minmay_misc_feat_plants, kennysheep_big_empty_room,
          minmay_pentomino_p4
D:3:      layout_basic, lemuel_crystal_altar, general_overflow_altar,
          riverfiend_overflow_shadow_ancestor, minmay_statues_item,
          kennysheep_generic_room_4
D:4:      layout_rooms, nzn_wu_jian_council_hall, amethyst_killhole
D:5:      layout_basic, nicolae_qazlal_scattered_showers
D:6:      layout_gridville, mainiacjoe_overflow_boulevard, st_stairs_3,
          minmay_manual_mares

Skill      XL: |  1  2  3  4  5 |
---------------+----------------+-----
Dodging        | 3 4 |  4.0
Fighting       | 1 |  1.8
Ice Magic      | 1 |  1.8
Stealth        | |  2.6
Spellcasting   | |  3.8
Conjurations   | |  4.8
Summonings     | |  0.8
Invocations    | |  0.8

Action                   |  1- 3 |  4- 6 || total
-------------------------+-------+-------++-------
 Cast: Magic Dart        |    62 |    55 ||   117
       Searing Ray       |     3 |     4 ||     7
Dodge: Dodged            |     3 |     3 ||     6

Table legend: (Time is in decaauts)
 A = Elapsed time spent in this place.
 B = Non-inter-level travel time spent in this place.
 C = Inter-level travel time spent in this place.
 D = Time resting spent in this place.
 E = Time spent auto-exploring this place.
 F = Levels seen in this place.
 G = Mean time per level.
                   A        B        C        D        E       F      G
               +--------+--------+--------+--------+--------+-----+--------+
         Total |   3800 |   3692 |    108 |    761 |   2454 |   6 |  633.3 |
       Dungeon |   3800 |   3692 |    108 |    761 |   2454 |   6 |  633.3 |
               +--------+--------+--------+--------+--------+-----+--------+

Top non-repeatable levels by time:
     D:2: 1228 daAuts
     D:1: 803 daAuts
     D:3: 692 daAuts
     D:5: 546 daAuts
     D:4: 430 daAuts
     D:6: 98 daAuts
